 Dungeon Crawl Stone Soup version 0.28-a0-819-g6ef7baa362 (webtiles) character file.

Game seed: 5651395548735071752

111 cheechan the Skirmisher (level 4, -3/42 HPs)
             Began as a Naga Fighter on Nov 8, 2021.
             Slain by Sigmund (4 damage)
             ... on level 2 of the Dungeon.
             The game lasted 00:05:54 (1130 turns).

cheechan the Skirmisher (Naga Fighter)              Turns: 1130, Time: 00:05:55

Health: -3/42      AC:  8    Str: 18    XL:     4   Next: 92%
Magic:  4/4        EV:  9    Int:  9    God:
Gold:   63         SH:  4    Dex: 11    Spells: 3/3 levels left

rFire   . . .      SeeInvis +   a - +0 war axe
rCold   . . .      Faith    .   c - +0 buckler
rNeg    + . .      Spirit   .   j - +2 robe {rN+}
rPois   +          Reflect  .   (no helmet)
rElec   .          Harm     .   (no cloak)
rCorr   .          Rampage  .   (no gloves)
Will    .....                   (no barding)
Stlth   +.........              (no amulet)
HPRegen 0.14/turn               k - +4 ring of protection
MPRegen 0.09/turn               (no ring)

@: short of breath, very slow
A: AC +1, large, see invisible, deformed body, poison resistance, slowness 2,
spit poison 1, naga tail 1
a: Spit Poison


You were on level 2 of the Dungeon.
You visited 1 branch of the dungeon, and saw 2 of its levels.

You collected 63 gold pieces.

Inventory:

Hand Weapons
 a - a +0 war axe (weapon)
Missiles
 e - 53 arrows
 g - 52 bolts
 i - 46 sling bullets
Armour
 c - a +0 buckler (worn)
 j - a +2 robe of positive energy (worn)
Jewellery
 k - a +4 ring of protection (left hand)
Scrolls
 f - 2 scrolls of teleportation
Potions
 b - a potion of curing {unknown}
 d - a potion of haste


   Skills:
 + Level 3.3 Fighting
 + Level 3.2 Axes
 + Level 3.1 Armour
 + Level 0.7 Dodging
 + Level 0.3 Stealth
 + Level 2.8 Shields


You had 3 spell levels left.
You didn't know any spells.
Your spell library was empty.

Dungeon Overview and Level Annotations

Branches:
Dungeon (2/15)

Altars:

Annotations:
D:2 Sigmund


Innate Abilities, Weirdness & Mutations

Your serpentine skin is tough. (AC +1)
You have supernaturally acute eyesight. (SInv)
Armour fits poorly on your strangely shaped body.
Your system is resistant to poisons. (rPois)
You cover ground very slowly.
You can spit poison.
You have a snake-like lower body.


Message History

You miss Sigmund.
Sigmund is heavily wounded.
Sigmund barely misses you.
You barely miss Sigmund.
Sigmund is heavily wounded.
Sigmund hits you with a +2 vampiric scythe!
Sigmund draws strength from your wounds!
You closely miss Sigmund.
Sigmund is heavily wounded.
Unknown command.
You are too confused!
Unknown command.
You hit Sigmund.
Sigmund is severely wounded.
You feel less confused.
Sigmund hits you with a +2 vampiric scythe.
* * * LOW HITPOINT WARNING * * *
Sigmund draws strength from your wounds!
You hit Sigmund.
Sigmund is severely wounded.
Sigmund hits you with a +2 vampiric scythe.
* * * LOW HITPOINT WARNING * * *
Abil: Spit Poison
Press: ? - help, Q - select action Shift-Dir - straight line, f - Sigmund
Aim: Sigmund, wielding a +2 vampiric scythe and wearing a +0 robe (severely wounded, slightly transparent)
The splash of poison misses Sigmund.
The splash of poison hits the rat!
The rat is poisoned.
You kill the rat!
Sigmund barely misses you.
Okay, then.
Okay, then.
You closely miss Sigmund.
Sigmund is severely wounded.
Sigmund gestures at you while chanting. The magic dart hits you.
* * * LOW HITPOINT WARNING * * *
You closely miss Sigmund.
Sigmund is severely wounded.
Sigmund hits you with a +2 vampiric scythe.
You die...

... ... ### ...
... #.# ### ...
..# #†# ##.## #@#
#...# #@# .... #.#
... #.#
#.########. #.#
#..........
#†######...# #.
#....(..)#.# #.
########.).#######
#..........
###########


You could see Sigmund (invisible).

Vanquished Creatures
  A scorpion (D:2)
  An adder (D:2)
  3 ball pythons
  2 endoplasms (D:1)
  4 giant cockroaches
  3 goblins
  6 hobgoblins
  4 kobolds (D:1)
  A quokka (D:1)
  6 bats
  2 frilled lizards
  8 rats
41 creatures vanquished.

Notes
Turn   | Place    | Note
-------+----------+-------------------------------------------
     0 | D:1      | cheechan the Naga Fighter began the quest for the Orb.
     0 | D:1      | Reached XP level 1. HP: 21/21 MP: 1/1
    63 | D:1      | Reached XP level 2. HP: 6/28 MP: 2/2
   345 | D:1      | Reached XP level 3. HP: 31/34 MP: 3/3
   689 | D:2      | Noticed a scorpion
   696 | D:2      | Killed a scorpion
   697 | D:2      | Reached XP level 4. HP: 10/42 MP: 4/4
  1115 | D:2      | Noticed Sigmund
  1129 | D:2      | HP: 1/42 [Sigmund/magic dart (3)]
  1130 | D:2      | Slain by Sigmund

Illustrated notes

Levels and vault maps discovered:
D:1:      dpeg_arrival_erosion, layout_rooms, minmay_strange_pillars,
          hangedman_feature_mirror
D:2:      layout_loops_ring, uniq_sigmund

Skill      XL: |  1  2  3 |
---------------+----------+-----
Armour         | 3 |  3.1
Axes           | 3 |  3.2
Fighting       | |  3.3
Dodging        | |  0.7
Stealth        | |  0.3
Shields        | |  2.8

Action                   |  1- 3 |  4- 6 || total
-------------------------+-------+-------++-------
Melee: War axe           |    69 |    23 ||    92
 Abil: Spit Poison       |     3 |     1 ||     4
  Use: Scroll            |     1 |     1 ||     2
       Potion            |     1 |     1 ||     2
Armor: Scale mail        |    48 |       ||    48
       Robe              |    10 |     5 ||    15
Dodge: Dodged            |    44 |    11 ||    55
Block: Buckler           |    21 |       ||    21

Table legend: (Time is in decaauts)
 A = Elapsed time spent in this place.
 B = Non-inter-level travel time spent in this place.
 C = Inter-level travel time spent in this place.
 D = Time resting spent in this place.
 E = Time spent auto-exploring this place.
 F = Levels seen in this place.
 G = Mean time per level.
                   A        B        C        D        E       F      G
               +--------+--------+--------+--------+--------+-----+--------+
         Total |   1467 |   1467 |      0 |    230 |      0 |   2 |  733.5 |
       Dungeon |   1467 |   1467 |      0 |    230 |      0 |   2 |  733.5 |
               +--------+--------+--------+--------+--------+-----+--------+

Top non-repeatable levels by time:
     D:1: 806 daAuts
     D:2: 661 daAuts
